 Dungeon Crawl Stone Soup version 0.18-a0-1764-gf4ddf0b (webtiles) character file.

1611 Ijustatesigmund the Fighter (level 8, -1/92 HPs)
             Began as an Ogre Hunter on Apr 13, 2016.
             Was a Follower of Okawaru.
             Slain by a killer bee (2 damage)
             ... on level 6 of the Dungeon.
             The game lasted 00:21:05 (7528 turns).

Ijustatesigmund the Fighter (Ogre Hunter)           Turns: 7528, Time: 00:21:05

Health: -1/92      AC:  4    Str: 18    XL:     8   Next: 95%
Magic:  11/12      EV: 12    Int: 10    God:    Okawaru [*.....]
Gold:   378        SH:  0    Dex: 12    Spells: 0 memorised, 7 levels left

rFire  . . .     SeeInvis .     i - +0 flail
rCold  . . .     Gourm    .     b - +1 robe
rNeg   . . .     Faith    .     (no shield)
rPois  .         Spirit   .     (helmet restricted)
rElec  .         Dismiss  .     e - +0 cloak
rCorr  .         Reflect  .     (gloves unavailable)
SustAt .         Harm     .     (boots unavailable)
MR     .....                    (no amulet)
Stlth  ++........               (no ring)
                                (no ring)

@: lethally poisoned (-1 -> -6), heroism, not resistant to hostile enchantments,
unstealthy
A: unfitting armour, deformed body, screaming 1, tough skin 1
a: Heroism, Renounce Religion


You were on level 6 of the Dungeon.
You worshipped Okawaru.
Okawaru was aware of your devotion.
You were not hungry.

You visited 2 branches of the dungeon, and saw 8 of its levels.
You also visited: Sewer.

You collected 378 gold pieces.

Inventory:

Hand Weapons
 i - a +0 flail (weapon)
 u - a +0 giant club
Missiles
 c - 2 large rocks (quivered)
Armour
 b - a +1 robe (worn)
 e - a +0 cloak (worn)
Jewellery
 s - a +2 ring of protection {unknown}
 x - an uncursed ring of sustain attributes {unknown}
Wands
 m - a wand of disintegration (10/24)
Scrolls
 r - 2 scrolls of remove curse
 t - a scroll of recharging
 w - a scroll of fog
Potions
 a - 2 potions of ambrosia
 d - a potion of curing
 g - a potion of cancellation
 h - a potion of might
 k - a potion of flight {unknown}
 n - 2 potions of agility
 v - a potion of lignification {unknown}
Miscellaneous
 j - a plain deck of defence
Comestibles
 f - 3 bread rations
 l - a fruit
 o - 2 meat rations
 p - a slice of pizza
 z - 4 chunks of flesh


   Skills:
 + Level 9.2(14.2) Fighting
 + Level 7.8(12.8) Maces & Flails
 - Level 5.0(10.0) Throwing
 - Level 1.7(6.7) Dodging
 - Level 0.7(5.7) Stealth
 - Level 5.5 Invocations


You had 7 spell levels left.
You didn't know any spells.

Dungeon Overview and Level Annotations

Branches:
Dungeon (7/15)             Temple (1/1) D:5

Altars:
Ashenzari
Cheibriados
Elyvilon
Fedhas
Gozag
Kikubaaqudgha
Makhleb
Nemelex Xobeh
Okawaru
Pakellas
Qazlal
Ru
Sif Muna
Trog
Vehumet
Yredelemnul
Zin
The Shining One


Innate Abilities, Weirdness & Mutations

You are too large for most types of armour.
You have tough skin (AC +1).
Armour fits poorly on your strangely shaped body.
You occasionally shout uncontrollably at your foes.


Message History

* * * LOW HITPOINT WARNING * * *
The killer bee stings you but does no damage.
Drink which item? (? for menu, Esc to quit)
You feel better. The killer bee stings you.
* * * LOW HITPOINT WARNING * * *
You are poisoned.
The killer bee poisons you! The killer bee closely misses you.
The killer bee stings you!
* * * LOW HITPOINT WARNING * * *
You are lethally poisoned!
The killer bee poisons you!
The killer bee stings you but does no damage.
The killer bee misses you.
The killer bee stings you but does no damage.
Drink which item? (? for menu, Esc to quit)
It was a potion of mutation.
You feel extremely strange.
You feel the urge to shout.
Your body twists and deforms.
* * * LOW HITPOINT WARNING * * *
You feel sick. The killer bee stings you.
You die...

......##########...#
......# ##.## #####.#
#.# #.# #.# #.# #.#
#.# #.# #.####### #.#
#.......#####y#
#####(.....y@y#
####### #.#|#######
#......
#.#.##########
#.#####
#.#......>...# #.#
#.##########.######.#
#.# #..........#.##
#.#
#.###.####....####
#########.## #.# #.#
#........
...........# #.# #.#
##...####


You could see 3 killer bees.

Vanquished Creatures
  Purgy (Sewer)
  3 black bears
  A phantom (D:6)
  A sky beast (D:7)
  2 ogres
  2 centaurs
  A scorpion (D:6)
  A howler monkey (D:6)
  A crimson imp (D:7)
  2 jellies (D:6)
  An orc priest (D:7)
  An iguana (D:6)
  3 orc wizards
  4 worker ants
  Terence (D:2)
  A hound zombie (D:7)
  6 gnolls
  3 adders
  A shadow imp (D:6)
  3 oozes
  2 adder skeletons
  5 worms
  A dart slug (D:1)
  9 giant geckos
  20 orcs
  7 giant cockroaches
  4 goblins
  12 hobgoblins
  8 jackals
  13 kobolds
  3 quokkas
  2 ball pythons (D:4)
  6 bats
  5 giant newts
  A quokka skeleton (D:6)
  9 rats
146 creatures vanquished.

Notes
Turn   | Place    | Note
--------------------------------------------------------------
     0 | D:1      | Ijustatesigmund the Ogre Hunter began the quest for the Orb.
     0 | D:1      | Reached XP level 1. HP: 22/22 MP: 1/1
    26 | D:1      | Reached skill level 3 in Fighting
   198 | D:1      | Reached XP level 2. HP: 25/32 MP: 2/2
   317 | D:1      | Reached skill level 4 in Fighting
   740 | D:1      | Reached XP level 3. HP: 37/40 MP: 3/3
  1296 | D:2      | Noticed Terence
  1322 | D:2      | Killed Terence
  1322 | D:2      | Reached skill level 5 in Fighting
  1322 | D:2      | Reached skill level 1 in Maces & Flails
  1322 | D:2      | Reached XP level 4. HP: 11/50 MP: 4/4
  2057 | D:2      | Reached XP level 5. HP: 54/59 MP: 5/5
  2496 | D:3      | Found a radiant altar of Vehumet.
  2501 | D:3      | Reached skill level 6 in Fighting
  2600 | D:3      | Found a sparkling altar of Nemelex Xobeh.
  2937 | D:3      | Found a glowing golden altar of the Shining One.
  2937 | D:3      | Found a white marble altar of Elyvilon.
  2938 | D:3      | Found a glowing silver altar of Zin.
  3427 | D:4      | Reached XP level 6. HP: 65/68 MP: 6/6
  3682 | D:4      | Found a glowing drain.
  3686 | Sewer    | Entered a sewer
  3771 | Sewer    | Noticed Purgy
  3783 | Sewer    | Killed Purgy
  3783 | Sewer    | Reached skill level 7 in Fighting
  3783 | Sewer    | Reached skill level 5 in Maces & Flails
  4083 | D:5      | Entered Level 5 of the Dungeon
  4422 | D:4      | Found an iron altar of Okawaru.
  4422 | D:4      | Found an oddly glowing altar of Pakellas.
  4425 | D:4      | Became a worshipper of Warmaster Okawaru
  4553 | D:5      | Reached XP level 7. HP: 64/78 MP: 6/8
  4772 | D:5      | Found a staircase to the Ecumenical Temple.
  5250 | D:6      | Found a stormy altar of Qazlal.
  5346 | D:6      | Found a bloodstained altar of Trog.
  5363 | D:6      | Found an ancient bone altar of Kikubaaqudgha.
  5750 | D:6      | Reached * piety under Okawaru
  5750 | D:6      | Reached skill level 5 in Invocations
  5794 | D:6      | Reached XP level 8. HP: 85/87 MP: 9/12
  6187 | D:6      | HP: 4/88 [something (6)]
  6530 | Temple   | Entered the Ecumenical Temple
  6855 | D:6      | Reached skill level 8 in Fighting
  6858 | D:6      | Found a blossoming altar of Fedhas.
  6861 | D:6      | Found a sparkling altar of Nemelex Xobeh.
  6970 | D:7      | Found a sacrificial altar of Ru.
  7124 | D:7      | Reached skill level 5 in Throwing
  7413 | D:7      | Reached skill level 9 in Fighting
  7526 | D:6      | HP: 4/92 [killer bee (9)]
  7528 | D:6      | Gained mutation: You occasionally shout uncontrollably at your foes. [potion of mutation]
  7528 | D:6      | Gained mutation: Armour fits poorly on your strangely shaped body. [potion of mutation]
  7528 | D:6      | HP: 1/92 [poisoned by a killer bee]
  7528 | D:6      | Slain by a killer bee

Vault maps used:
D:1:      dpeg_arrival_arbitrary_c
D:2:      first_bread, uniq_terence
D:3:      good_gods_temple_1, vehumet_crystals, nemelex_deck
D:4:      gammafunk_temple_overflow_elements, gup_sewer_entry_bowl
D:5:      minmay_temple_entry_butterflies, solitary_fountain
D:6:      nicolae_qazlal_general_emergency, trog_ov_bears_minmay,
          minmay_overflow_temple_star_quad
D:7:      overflow_temple_1_default, uniq_crazy_yiuf_cottage
Temple:   circular_temple_6
Sewer:    kennysheep_door_sewer

Skill      XL: |  1  2  3  4  5  6  7  8 |
---------------+-------------------------+-----
Fighting       | 3 4 5 6 7 9 |  9.2
Maces & Flails | 1 3 4 5 7 |  7.8
Invocations    | 2 5 |  5.5
Throwing       | 5 |  5.0
Dodging        | |  1.7
Stealth        | |  0.7

Action                   |  1- 3 |  4- 6 |  7- 9 || total
-------------------------+-------+-------+-------++-------
Melee: Short sword       |    79 |       |       ||    79
       Club              |    18 |    47 |       ||    65
       Flail             |       |   202 |   156 ||   358
Throw: Large rock        |     5 |    35 |    25 ||    65
       Throwing net      |     2 |     3 |       ||     5
Invok: Heroism           |       |       |     5 ||     5
  Use: Scroll            |     3 |     7 |     6 ||    16
       Potion            |     1 |       |     3 ||     4
 Stab: Sleeping          |     2 |     5 |     1 ||     8
  Eat: Chunk             |     1 |    10 |     5 ||    16
       Fruit             |       |     1 |     6 ||     7
Armor: Robe              |    36 |    89 |    70 ||   195
Dodge: Dodged            |    72 |   154 |    93 ||   319
